 Dungeon Crawl Stone Soup version 0.29-a0-700-g2f1814c7b2 (webtiles) character file.

Game seed: 10555226062958212535

6310 buhh the Quickloader (level 11, -20/81 HPs)
             Began as a Formicid Hunter on June 26, 2022.
             Was a Priest of Hepliaklqana.
             Demolished by a two-headed ogre
             ... wielding a +0 giant spiked club
              (30 damage)
             ... on level 15 of the Dungeon.
             The game lasted 00:32:02 (10469 turns).

buhh the Quickloader (Formicid Hunter)             Turns: 10469, Time: 00:32:02

Health: -20/81     AC:  8    Str: 16    XL:     11   Next: 16%
Magic:  10/11      EV: 15    Int:  9    God:    Hepliaklqana [***...]
Gold:   117        SH:  0    Dex: 21    Spells: 10/10 levels left

rFire   . . .      SeeInvis +   a - +2 hand crossbow
rCold   . . .      Faith    .   x - +2 buckler
rNeg    . . .      Spirit   .   b - +0 leather armour
rPois   .          Reflect  .   (helmet unavailable)
rElec   .          Harm     .   (no cloak)
rCorr   +          Rampage  .   w - +2 pair of gloves
Will    +....                   s - +0 pair of boots
Stlth   +.........              (no amulet)
HPRegen 0.23/turn               n - +4 ring of slaying
MPRegen 0.12/turn               p - ring of resist corrosion

@: confused, ambrosia-drunk, flying
A: reduced essence, permanent stasis, dig shafts and tunnels, antennae 3, four
strong arms
a: Dig, Shaft Self, Renounce Religion, Recall Ancestor, Ancestor Identity,
Transference


You were on level 15 of the Dungeon.
You worshipped Hepliaklqana.
Hepliaklqana was most pleased with you.
You visited 2 branches of the dungeon, and saw 14 of its levels.

You collected 543 gold pieces.
You spent 426 gold pieces at shops.

Inventory:

Hand Weapons
 a - a +2 hand crossbow (weapon)
Missiles
 h - 26 poisoned darts
 t - 2 throwing nets {!f}
 y - a curare-tipped dart
Armour
 b - a +0 leather armour (worn)
 s - a +0 pair of boots (worn)
 w - a +2 pair of gloves (worn)
 x - a +2 buckler (worn)
Jewellery
 n - a +4 ring of slaying (left hand)
 p - a ring of resist corrosion (right hand)
 q - a ring of magical power
Wands
 f - a wand of flame (7)
 v - a wand of digging (9)
Scrolls
 c - 2 scrolls of blinking {!d}
 i - a scroll of poison
 j - a scroll of brand weapon {unknown}
 l - 2 scrolls of noise
 o - 2 scrolls of vulnerability
 F - a scroll of enchant weapon
 Q - 2 scrolls of fog
 X - 2 scrolls of amnesia
 Z - 3 scrolls of enchant armour
Potions
 d - a potion of resistance {unknown}
 k - 3 potions of flight
 m - a potion of cancellation {unknown}
 r - a potion of degeneration {unknown}
 z - 2 potions of mutation {unknown}
 B - 2 potions of ambrosia {!q!d}
 J - a potion of magic {!q!d}
 N - 6 potions of curing {!q!d}


   Skills:
 - Level 10.0 Fighting
 + Level 10.4 Crossbows
 * Level 5.6 Armour
 * Level 5.2 Dodging
 - Level 4.0 Stealth
 * Level 6.8 Shields


You had 10 spell levels left.
You didn't know any spells.
Your spell library contained the following spells:

 Spells                   Type           Power      Damage    Failure   Level
 Sandblast                Erth           0%         2d4       50%         1
 Passwall                 Tmut/Erth      0%         N/A       65%         2
 Lesser Beckoning         Tloc           0%         N/A       86%         3
 Ozocubu's Armour         Ice            0%         N/A       86%         3
 Stone Arrow              Conj/Erth      0%         3d7       86%         3
 Anguish                  Hex/Necr       0%         N/A       99%         4
 Blade Hands              Tmut           0%         N/A       100%        5
 Irradiate                Conj/Tmut      0%         3d13      100%        5
 Manifold Assault         Tloc           0%         N/A       100%        5
 Dragon Form              Tmut           0%         N/A       100%        7
 Enfeeble                 Hex            0%         N/A       100%        7
 Ozocubu's Refrigeration  Ice            0%         4d5       100%        7
 Blink                    Tloc           Unusable   N/A       N/A         2

Dungeon Overview and Level Annotations

Branches:
Dungeon (12/15) Zot: 26634  Temple (1/1) D:4 Zot: 5877    Lair (0/6) D:9
    Orc (0/2) D:9

Altars:
Ashenzari
Cheibriados
Dithmenos
Elyvilon
Fedhas
Gozag
Hepliaklqana
Kikubaaqudgha
Makhleb
Nemelex Xobeh
Okawaru
Qazlal
Ru
Sif Muna
Trog
Uskayaw
Vehumet
Wu Jian
Xom
Yredelemnul
Zin
The Shining One

Shops:
D:7 =[   D:9 *[

Annotations:
D:3 2 transporters, exclusion: door, czerkthejerk's ghost, amateur MiFi
D:6 Sigmund
D:8 exclusion: 2 orcs, Erica


Innate Abilities, Weirdness & Mutations

Your life essence is reduced to manifest your ancestor. (-10% HP)
You cannot be hasted, slowed, berserked, paralysed or teleported.
You can dig through walls and to a lower floor.
You have a pair of large antennae on your head. (SInv)
Your four strong arms can wield two-handed weapons with a shield.


Message History

Aim: an ogre mage, wielding a +0 club and wearing a +0 robe (poison gas, heavily wounded, slightly transparent, very poisoned, 82% to hit)
You shoot a bolt. The bolt hits the ogre mage!
The ogre mage is heavily wounded.
The two-headed ogre is engulfed in poison gas.
The two-headed ogre looks as sick as possible!
The two-headed ogre misses you.
The two-headed ogre hits you with a +0 giant club!!
Shoot: a) +2 hand crossbow
Press: ? - help, Q - select action, (/) - cycle Shift-Dir - straight line, f/p - ogre mage
Aim: an ogre mage, wielding a +0 club and wearing a +0 robe (poison gas, severely wounded, slightly transparent, very poisoned, 82% to hit)
You shoot a bolt. The bolt hits the ogre mage!
The ogre mage is almost dead.
The two-headed ogre is engulfed in poison gas.
The two-headed ogre looks as sick as possible!
The two-headed ogre misses you.
The two-headed ogre hits you with a +0 giant club!
The ogre mage is engulfed in poison gas.
The ogre mage looks as sick as possible!
The ogre mage gestures at you while chanting.
The bolt of magma hits you!!
* * * LOW HITPOINT WARNING * * *
The ogre mage is engulfed in poison gas.
The ogre mage looks as sick as possible!
You kill the ogre mage!
Your Dodging skill increases to level 5!
It was a potion of flight.
You feel very buoyant.
You fly up into the air.
k - 3 potions of flight The two-headed ogre is engulfed in poison gas.
The two-headed ogre looks as sick as possible!
You block the two-headed ogre's attack.
The two-headed ogre hits you with a +0 giant club!
* * * LOW HITPOINT WARNING * * *
It was a potion of ambrosia.
You are confused.
You feel invigorated.
B - 2 potions of ambrosia The two-headed ogre hits you with a +0 giant spiked club!!
You die...

#.# #.# #.°# #.# #°.#
#.# #○○# #.# #○§# #.#
#○☼# #..# #. #.# #§○#
#..# #. #.# #☼○# #..#
#. #.# #§@# #..# #. #.#
#O§# #..# #. #.# #°○#
#..#####.
#.###§.########...O....
#...☼°.O.{.[.O.........
#######################


You could see 2 two-headed ogres.

Vanquished Creatures
  2 two-headed ogres (D:15)
  An ogre mage (D:15)
  Eustachio (D:4)
  4 steam dragons
  3 orc warriors
  2 ice beasts
  3 ogres
  A centaur (D:9)
  2 kobold brigands (D:8)
  A gnoll sergeant (D:12)
  4 bullfrogs
  2 scorpions
  11 killer bees
  2 howler monkeys
  5 hounds
  7 orc priests
  A jelly (D:5)
  A gnoll shaman (D:6)
  An iguana (D:5)
  6 orc wizards
  7 gnolls
  8 adders
  A white imp (D:7)
  A worm (D:5)
  3 dart slugs
  28 orcs
  4 bats
  2 endoplasms
  A giant cockroach (D:1)
  8 goblins
  6 hobgoblins
  25 kobolds
  2 quokkas
  5 ball pythons
  A frilled lizard (D:1)
  3 rats
165 creatures vanquished.

Vanquished Creatures (collateral kills)
  A hornet (D:9)
  Prince Ribbit (D:8)
  A wyvern (D:7)
  An orc warrior (D:7)
  A sky beast (D:7)
  An ogre (D:15)
  A bullfrog (D:6)
  3 killer bees
  An electric eel (D:8)
  An orc priest (D:9)
  An orc wizard (D:8)
  3 gnolls (D:12)
  A worm (D:7)
  5 orcs
  2 kobolds (D:8)
24 creatures vanquished.

Vanquished Creatures (others)
  2 knights
  4 ancestors
  2 fungi (D:9)
  3 plants
  6 toadstools (D:3)
17 creatures vanquished.

Grand Total: 206 creatures vanquished

Notes
Turn   | Place    | Note
-------+----------+-------------------------------------------
     0 | D:1      | buhh the Formicid Hunter began the quest for the Orb.
     0 | D:1      | Reached XP level 1. HP: 16/16 MP: 1/1
   137 | D:1      | Reached XP level 2. HP: 22/22 MP: 2/2
   323 | D:1      | Reached XP level 3. HP: 27/27 MP: 3/3
   592 | D:2      | Found a faded altar of an unknown god.
   624 | D:2      | Reached XP level 4. HP: 23/33 MP: 4/4
  1241 | D:3      | Found a transporter.
  1241 | D:3      | Noticed czerkthejerk's ghost (amateur MiFi)
  1244 | D:3      | Found a transporter.
  1265 | D:3      | Found a burning altar of Makhleb.
  1410 | D:3      | Reached XP level 5. HP: 37/38 MP: 5/5
  1588 | D:3      | Found the +8 Wrath of Trog {antimagic, *Rage Rampage}
  2018 | D:4      | Noticed Eustachio
  2343 | D:4      | Found a staircase to the Ecumenical Temple.
  2343 | D:4      | Noticed an ogre
  2346 | D:4      | Killed an ogre
  2347 | D:4      | Reached XP level 6. HP: 44/44 MP: 6/6
  2555 | Temple   | Entered the Ecumenical Temple
  2574 | Temple   | Became a worshipper of Hepliaklqana the Forgotten
  3022 | D:4      | Killed Eustachio
  3023 | D:4      | Reached XP level 7. HP: 35/53 MP: 7/7
  3445 | D:5      | Entered Level 5 of the Dungeon
  3471 | D:5      | Found a hide-covered altar of Uskayaw.
  3758 | D:4      | You fall into a shaft and drop 2 floors!
  4044 | D:6      | Reached * piety under Hepliaklqana
  4048 | D:6      | Noticed a steam dragon
  4246 | D:6      | Noticed a steam dragon
  4408 | D:6      | Killed a steam dragon
  4409 | D:6      | Reached XP level 8. HP: 35/57 MP: 8/8
  4539 | D:6      | Found a stormy altar of Qazlal.
  5271 | D:5      | Reached XP level 9. HP: 66/66 MP: 9/9
  5758 | D:6      | Noticed Sigmund
  6274 | D:7      | Found a snail-covered altar of Cheibriados.
  6624 | D:7      | Found Ycruyzy's Antique Armour Shop.
  6631 | D:7      | Bought a pair of embroidered gloves for 165 gold pieces
  6707 | D:7      | Found Usufuy's Jewellery Emporium.
  6933 | D:7      | Reached ** piety under Hepliaklqana
  6934 | D:7      | Remembered your ancestor Dalinar as a knight
  7202 | D:7      | Bought a shiny buckler for 165 gold pieces
  7442 | D:6      | Reached XP level 10. HP: 76/76 MP: 10/10
  8059 | D:8      | Noticed Prince Ribbit
  8062 | D:8      | Killed Prince Ribbit
  8513 | D:8      | Noticed Erica
  9159 | D:9      | Found a staircase to the Orcish Mines.
  9181 | D:9      | Found Qefeus's CLEARANCE SALE!.
  9188 | D:9      | Bought a scroll of identify for 12 gold pieces
  9188 | D:9      | Bought a scroll of identify for 12 gold pieces
  9188 | D:9      | Bought 2 potions of curing for 36 gold pieces
  9188 | D:9      | Bought 2 potions of curing for 36 gold pieces
  9200 | D:9      | Reached *** piety under Hepliaklqana
  9223 | D:9      | Found a staircase to the Lair.
  9376 | D:9      | Found Daaf's Antique Armour Emporium.
  9625 | D:10     | Entered Level 10 of the Dungeon
  9625 | D:10     | Noticed a two-headed ogre
  9663 | D:10     | You fall into a shaft and drop 2 floors!
 10007 | D:10     | Noticed a two-headed ogre
 10069 | D:11     | Noticed a purple ugly thing
 10105 | D:12     | You fall into a shaft and drop 3 floors!
 10105 | D:15     | Entered Level 15 of the Dungeon
 10332 | D:15     | Noticed a freezing wraith
 10417 | D:15     | Noticed a two-headed ogre
 10425 | D:15     | Noticed an ogre mage
 10426 | D:15     | Noticed a two-headed ogre
 10427 | D:15     | Killed a two-headed ogre
 10428 | D:15     | Noticed a two-headed ogre
 10446 | D:15     | Noticed a two-headed ogre
 10462 | D:15     | Killed a two-headed ogre
 10463 | D:15     | Reached XP level 11. HP: 81/81 MP: 6/11
 10467 | D:15     | Killed an ogre mage
 10469 | D:15     | Demolished by a two-headed ogre

Illustrated notes

Levels and vault maps discovered:
D:1:      kilobyte_arrival_exit_the_forest, layout_rooms
D:2:      layout_rooms, nicolae_ecumenical_pavilion, minmay_tetromino_s2
D:3:      cheibrodos_fertilizer, layout_basic, overflow_temple_1_default,
          gammafunk_ghost_mausoleum
D:4:      layout_loops_ring, minmay_temple_entry_large_hall, uniq_eustachio
D:5:      layout_loops_ring, mainiacjoe_overflow_alcove_1, minmay_small_thing
D:6:      layout_layer_cave, lemuel_crystal_altar, nrook_mini_vaults,
          uniq_sigmund
D:7:      layout_gridville, cheibrodos_worm_habitat, serial_shops,
          nicolae_stop_n_shop_2, nicolae_diamond_shop
D:8:      layout_loops_ring, grunt_ministairs_13, serial_bayou_ford_a,
          uniq_erica, uniq_prince_ribbit1
D:9:      layout_big_octagon, dpeg_oklobed_lair, orc_0_dummy, serial_shops,
          nicolae_take_the_stairs, minmay_misc_feat_doors,
          nicolae_shop_clearance
D:10:     layout_cave_pools, uniq_psyche
D:11:     layout_irregular_city, uniq_josephine, uniq_urug
D:12:     layout_cave_pods
D:15:     hangedman_depths_entry_try_elsewhere_first, layout_long_grid,
          amcnicky_mini_rare_corridor_liquid, minmay_stone_trees_small
Temple:   mainiacjoe_temple_coin_purse

Skill      XL: |  1  2  3  4  5  6  7  8  9 10 11 |
---------------+----------------------------------+-----
Dodging        | 2 4 5 |  5.2
Stealth        | 2 3 4 |  4.0
Crossbows      | 5 6 7 8 9 10 | 10.4
Fighting       | 3 5 8 10 | 10.0
Shields        | 6 |  6.8
Armour         | 5 |  5.6

Action                   |  1- 3 |  4- 6 |  7- 9 | 10-12 || total
-------------------------+-------+-------+-------+-------++-------
 Fire: Hand crossbow     |    67 |   111 |   201 |   127 ||   506
Invok: Recall Ancestor   |       |       |     4 |     8 ||    12
       Ancestor Life: Kn |       |       |     1 |       ||     1
       Ancestor Identity |       |       |     1 |       ||     1
 Abil: Shaft Self        |       |       |     1 |     1 ||     2
Evoke: Wand              |       |       |     9 |     2 ||    11
  Use: Scroll            |       |     7 |     5 |     4 ||    16
       Potion            |       |       |       |     2 ||     2
Armor: Leather armour    |     6 |     6 |    12 |     3 ||    27
Dodge: Dodged            |    14 |    27 |    43 |    10 ||    94
Block: Buckler           |       |       |     2 |     5 ||     7

Table legend: (Time is in decaauts)
 A = Elapsed time spent in this place.
 B = Non-inter-level travel time spent in this place.
 C = Inter-level travel time spent in this place.
 D = Time resting spent in this place.
 E = Time spent auto-exploring this place.
 F = Levels seen in this place.
 G = Mean time per level.
                   A        B        C        D        E       F      G
               +--------+--------+--------+--------+--------+-----+--------+
         Total |  10593 |   9869 |    724 |   1718 |   6102 |  14 |  756.6 |
       Dungeon |  10471 |   9762 |    709 |   1718 |   6019 |  13 |  805.5 |
        Temple |    122 |    108 |     14 |      0 |     83 |   1 |  122.0 |
               +--------+--------+--------+--------+--------+-----+--------+

Top non-repeatable levels by time:
     D:6: 1963 daAuts
     D:4: 1261 daAuts
     D:5: 1184 daAuts
     D:7: 1181 daAuts
     D:8: 1148 daAuts
     D:3: 950 daAuts
     D:9: 775 daAuts
     D:1: 614 daAuts
     D:2: 566 daAuts
    D:15: 364 daAuts
    D:12: 317 daAuts
  Temple: 122 daAuts
    D:11: 122 daAuts
    D:10: 21 daAuts
